 Dungeon Crawl Stone Soup version 0.29.0-11-gd7f09526c8 (webtiles) character file.

Game seed: 8789525694755579323

1730 wardy167 the Thaumaturge (level 8, -1/41 HPs)
             Began as a Deep Elf Ice Elementalist on Sept 3, 2022.
             Was a Follower of Vehumet.
             Slain by an orc warrior
             ... wielding a +0 long sword
              (7 damage)
             ... on level 6 of the Dungeon.
             The game lasted 00:37:52 (7199 turns).

wardy167 the Thaumaturge (DEIE)                     Turns: 7199, Time: 00:37:53

Health: -1/41      AC: 11    Str:  3 (5)  XL:     8   Next: 76%
Magic:  14/25      EV: 12    Int: 20 (23) God:    Vehumet [*.....]
Gold:   206        SH:  0    Dex: 14 (15) Spells: 19/29 levels left

rFire   . . .      SeeInvis .   k - +4 dagger (venom)
rCold   . . .      Faith    .   (no shield)
rNeg    . . .      Spirit   .   a - +0 robe
rPois   .          Reflect  .   (helmet restricted)
rElec   .          Harm     .   e - scarf {repulsion}
rCorr   .          Rampage  .   t - +0 pair of gloves
Will    .....                   (no boots)
Stlth   ++........              (no amulet)
HPRegen 0.13/turn               (no ring)
MPRegen 0.19/turn               (no ring)

@: ice-armoured, freezing walls, repel missiles, unable to read
A: fangs 1, horns 1, inability to read after injury 1, MP-powered wands, sturdy
frame 1
a: Renounce Religion


You were on level 6 of the Dungeon.
You worshipped Vehumet.
Vehumet was aware of your devotion.
You visited 2 branches of the dungeon, and saw 7 of its levels.

You collected 206 gold pieces.

Inventory:

Hand Weapons
 k - a +4 dagger of venom (weapon)
Armour
 a - a +0 robe (worn)
 b - a +0 helmet
 e - a scarf of repulsion (worn)
 t - a +0 pair of gloves (worn)
Jewellery
 g - a +6 ring of intelligence
 m - an amulet of faith
 w - a ring of wizardry
Wands
 p - a wand of mindburst (23)
 r - a wand of polymorph (8)
Scrolls
 c - a scroll of enchant weapon
 d - 4 scrolls of enchant armour {unknown}
 f - 3 scrolls of fear {unknown}
 h - 2 scrolls of blinking {unknown}
 i - 2 scrolls of magic mapping {unknown}
 j - 3 scrolls of teleportation {unknown}
 n - 6 scrolls of identify {unknown}
 o - a scroll of noise {unknown}
 s - 2 scrolls of butterflies {unknown}
 x - a scroll of acquirement {unknown}
 y - a scroll of immolation {unknown}
Potions
 l - 2 potions of flight
 u - a potion of degeneration
 v - a potion of curing


   Skills:
 - Level 0.3 Fighting
 - Level 0.2 Short Blades
 - Level 2.4 Dodging
 - Level 2.4 Stealth
 + Level 11.3 Spellcasting
 * Level 3.0 Transmutations
 - Level 7.4 Ice Magic
 - Level 0.6 Air Magic
 * Level 4.0 Poison Magic


You had 19 spell levels left.
You knew the following spells:

 Your Spells              Type           Power      Damage    Failure   Level
a - Freeze                Ice            100%       1d11      1%          1
b - Ozocubu's Armour      Ice            41%        N/A       1%          3
c - Frozen Ramparts       Ice            82%        1d13      1%          3
d - Poisonous Vapours     Pois/Air       40%        N/A       3%          2
e - Shock                 Conj/Air       48%        1d6       5%          1

Your spell library contained the following spells:

 Spells                   Type           Power      Damage    Failure   Level
 Apportation              Tloc           22%        N/A       6%          1
 Necrotise                Necr           44%        1d6       6%          1
 Summon Small Mammal      Summ           44%        N/A       6%          1
 Mephitic Cloud           Conj/Pois/Air  17%        N/A       10%         3
 Hailstorm                Conj/Ice       26%        3d7       13%         4
 Alistair's Intoxication  Tmut/Pois      16%        N/A       36%         5
 Borgnjor's Vile Clutch   Necr/Erth      5%         N/A       86%         5
 Eringya's Noxious Bog    Tmut/Pois      12%        N/A       91%         6
 Enfeeble                 Hex            5%         N/A       100%        7


Dungeon Overview and Level Annotations

Branches:
Dungeon (6/15)             Temple (1/1) D:4

Altars:
Ashenzari
Cheibriados
Dithmenos
Elyvilon
Fedhas
Gozag
Makhleb
Nemelex Xobeh
Okawaru
Qazlal
Ru
Vehumet
Yredelemnul
Zin
Lugonu

Shops:
D:4 (?*:

Annotations:
D:6 2 transporters, 1 runed translucent door, happy's ghost, amateur DgDe


Innate Abilities, Weirdness & Mutations

You have very sharp teeth.
You have a pair of small horns on your head.
You occasionally lose the ability to read scrolls when taking damage.
You expend magic power (3 MP) to strengthen your wands.
Your movements are slightly less encumbered by armour. (ER -2)


Message History

The orc priest calls down the wrath of Beogh upon you.
Beogh smites you!
You hear a shout!
Casting: Poisonous Vapours (safe; 3% risk of failure)
Confirm with . or Enter, or press ? or * to list all spells.
Aiming: Poisonous Vapours (safe; 3% risk of failure)
Press: ? - help, Dir - move target, f/p - orc warrior
Aim: an orc warrior, wielding a +0 long sword and wearing a +0 plate armour (moderately wounded, very poisoned) Poisonous vapours surround the orc warrior!
The orc warrior looks even sicker.
The wall freezes the orc warrior!
The wall freezes the orc priest.
You kill the orc priest!
Vehumet accepts your kill.
Your Transmutations skill increases to level 3!
Your Poison Magic skill increases to level 4!
Casting: Poisonous Vapours (safe; 3% risk of failure)
Confirm with . or Enter, or press ? or * to list all spells.
Aiming: Shock (safe; 5% risk of failure)
Press: ? - help, Shift-Dir - straight line, f/p - orc warrior
Aim: an orc warrior, wielding a +0 long sword and wearing a +0 plate armour (severely wounded, very poisoned, 68% to hit)
The zap hits the orc warrior.
The orc warrior is severely wounded.
The wall freezes the orc warrior but does no damage.
The orc warrior hits you with a +0 long sword!
* * * LOW HITPOINT WARNING * * *
Casting: Shock (safe; 5% risk of failure)
Confirm with . or Enter, or press ? or * to list all spells.
Aiming: Shock (safe; 5% risk of failure)
Press: ? - help, Shift-Dir - straight line, f/p - orc warrior
Aim: an orc warrior, wielding a +0 long sword and wearing a +0 plate armour (severely wounded, very poisoned, 68% to hit)
The zap hits the orc warrior but does no damage.
The orc warrior is severely wounded.
The wall freezes the orc warrior but does no damage.
The orc warrior hits you with a +0 long sword!
You feel threatened and lose the ability to read scrolls!
* * * LOW HITPOINT WARNING * * *
You feel better.
The wall freezes the orc warrior but does no damage.
The orc warrior hits you with a +0 long sword!
You die...

#.#~...~#.#
#.#S...S#.# #
#.###+###.# #
#.#P.$.P#.# #
#.#8.©.8#.#####
#.#######......
#..(.©....###..
########...#...###.
#.@..........#.....
#.o##############..#
#$## #... #) #... #.
####... #o #......
.o #.###.. .#
###.##... #........


You could see an orc warrior (very poisoned).

Vanquished Creatures
  Sigmund (D:3)
  A black bear (D:5)
  An ogre (D:5)
  A centaur (D:6)
  A kobold brigand (D:5)
  2 bullfrogs
  2 necrophages (D:5)
  3 scorpions
  A gnoll sergeant (D:4)
  A killer bee (D:6)
  A howler monkey (D:4)
  A jelly (D:6)
  2 iguanas
  5 hounds
  5 orc priests
  3 orc wizards (D:4)
  Terence (D:3)
  Robin (D:3)
  3 adders
  6 gnolls
  A worm (D:3)
  5 dart slugs
  13 orcs
  6 ball pythons
  3 endoplasms
  4 giant cockroaches
  7 hobgoblins
  6 jackals
  13 kobolds
  2 quokkas (D:1)
  8 bats
  4 frilled lizards
  12 goblins
  7 rats
  A butterfly (D:4)
134 creatures vanquished.

Vanquished Creatures (others)
  A goblin (D:3)
  A demonic plant (Temple)
  6 plants (D:3)
8 creatures vanquished.

Grand Total: 142 creatures vanquished

Notes
Turn   | Place    | Note
-------+----------+-------------------------------------------
     0 | D:1      | wardy167 the Deep Elf Ice Elementalist began the quest for
                  | the Orb.
     0 | D:1      | Reached XP level 1. HP: 10/10 MP: 6/6
   245 | D:1      | Reached XP level 2. HP: 11/15 MP: 6/8
   372 | D:1      | Reached skill level 5 in Ice Magic
   443 | D:1      | Got the Catalogue of the Stinger and Imprecation
   847 | D:2      | Reached XP level 3. HP: 15/19 MP: 4/9
   918 | D:2      | Learned a level 3 spell: Ozocubu's Armour
   922 | D:2      | Learned a level 3 spell: Frozen Ramparts
   925 | D:2      | Learned a level 2 spell: Poisonous Vapours
  1034 | D:2      | Found a faded altar of an unknown god.
  1569 | D:3      | Reached skill level 4 in Spellcasting
  1634 | D:3      | Noticed Sigmund
  1643 | D:3      | Gained mutation: You expend magic power (3 MP) to
                  | strengthen your wands. [potion of mutation]
  1643 | D:3      | Gained mutation: You occasionally lose the ability to read
                  | scrolls when taking damage. [potion of mutation]
  1643 | D:3      | Gained mutation: You are agile. (Dex +4, Str/Int -1)
                  | [potion of mutation]
  1643 | D:3      | Killed Sigmund
  1644 | D:3      | Reached skill level 5 in Spellcasting
  1644 | D:3      | Reached skill level 1 in Transmutations
  1644 | D:3      | Reached skill level 1 in Poison Magic
  1644 | D:3      | Reached XP level 4. HP: 3/24 MP: 8/13
  1644 | D:3      | Reached XP level 5. HP: 4/28 MP: 9/15
  1644 | D:3      | Lost mutation: You are agile. (Dex +4, Str/Int -1) [potion
                  | of mutation]
  1644 | D:3      | Lost mutation: You expend magic power (3 MP) to strengthen
                  | your wands. [potion of mutation]
  1644 | D:3      | Gained mutation: You have large cloven feet. [potion of
                  | mutation]
  1644 | D:3      | Gained mutation: You sometimes lose the ability to read
                  | scrolls when taking damage. [potion of mutation]
  1644 | D:3      | Gained mutation: Your movements are slightly less
                  | encumbered by armour. (ER -2) [potion of mutation]
  2116 | D:3      | Noticed Robin
  2118 | D:3      | Found a sacrificial altar of Ru.
  2150 | D:3      | Killed Robin
  2151 | D:3      | Reached XP level 6. HP: 32/32 MP: 12/16
  2243 | D:3      | Reached skill level 6 in Spellcasting
  2368 | D:3      | Found a blossoming altar of Fedhas.
  2859 | D:3      | Noticed Terence
  2866 | D:3      | Killed Terence
  3430 | D:4      | Reached skill level 7 in Spellcasting
  3460 | D:4      | Reached XP level 7. HP: 30/36 MP: 5/19
  3892 | D:4      | Found a staircase to the Ecumenical Temple.
  3904 | Temple   | Entered the Ecumenical Temple
  3941 | Temple   | Became a worshipper of Vehumet
  3985 | D:4      | Found Penom's Book Boutique.
  3988 | D:4      | Found Tiej's General Store.
  3989 | D:4      | Found Huwit's Magic Scroll Boutique.
  3989 | D:4      | Found Vucwid's Antique Weapon Boutique.
  4206 | D:4      | Reached skill level 8 in Spellcasting
  4551 | D:4      | Found a white marble altar of Elyvilon.
  4886 | D:5      | Entered Level 5 of the Dungeon
  4961 | D:5      | Reached skill level 9 in Spellcasting
  5060 | D:5      | Lost mutation: You sometimes lose the ability to read
                  | scrolls when taking damage. [potion of mutation]
  5060 | D:5      | Lost mutation: You have large cloven feet. [potion of
                  | mutation]
  5060 | D:5      | Gained mutation: You expend magic power (3 MP) to
                  | strengthen your wands. [potion of mutation]
  5060 | D:5      | Gained mutation: You have very sharp teeth. [potion of
                  | mutation]
  5060 | D:5      | Gained mutation: Your spells are a little easier to cast,
                  | but a little less powerful. [potion of mutation]
  5060 | D:5      | Gained mutation: Your muscles are strong. (Str +4, Int/Dex
                  | -1) [potion of mutation]
  5172 | D:5      | Reached XP level 8. HP: 41/41 MP: 16/23
  5591 | D:5      | Reached skill level 10 in Spellcasting
  6127 | D:6      | Found a transporter.
  6146 | D:6      | Found a transporter.
  6269 | D:6      | Found a runed translucent door.
  6426 | D:6      | Found a sparkling altar of Nemelex Xobeh.
  6436 | D:6      | Noticed happy's ghost (amateur DgDe)
  6553 | D:6      | Reached skill level 11 in Spellcasting
  6682 | D:6      | Found a shadowy altar of Dithmenos.
  6903 | D:6      | Found an opulent altar of Gozag.
  6921 | D:6      | Lost mutation: Your spells are a little easier to cast, but
                  | a little less powerful. [potion of mutation]
  6921 | D:6      | Lost mutation: Your muscles are strong. (Str +4, Int/Dex
                  | -1) [potion of mutation]
  6921 | D:6      | Gained mutation: You have a pair of small horns on your
                  | head. [potion of mutation]
  6988 | D:6      | Reached * piety under Vehumet
  6988 | D:6      | Offered knowledge of Shock by Vehumet.
  6991 | D:6      | Learned a level 1 spell: Shock
  7139 | D:6      | Found a glowing silver altar of Zin.
  7139 | D:6      | Noticed an angel
  7198 | D:6      | HP: 1/41 [orc warrior/+0 long sword (11)]
  7199 | D:6      | Slain by an orc warrior

Illustrated notes

Levels and vault maps discovered:
D:1:      noname_arrival_rooms_in_the_neighbourhood, layout_basic, minivault_25
D:2:      layout_loops_ring, hellmonk_ecumenical_altar_leap_of_faith
D:3:      layout_basic, mainiacjoe_overflow_cross_hatched,
          mainiacjoe_overflow_brackets, uniq_sigmund, uniq_robin, uniq_terence
D:4:      layout_loops_cross, mainiacjoe_overflow_six_doors_small,
          minmay_temple_entry_butterflies, minmay_shop_grid_forest,
          kennysheep_nondescript, hangedman_decor_peaks_small,
          dreamdust_princess_bridge, grunt_decor_mini_mirrors, chequers_garden
D:5:      layout_basic, interstate_on_off
D:6:      gammafunk_steamed_eel, layout_rooms, marbit_many_paths,
          lightli_temple_of_fire, nemelex_diamond_rough_becter,
          old_standard_altar, zin_angel, overflow_temple_1_default,
          gammafunk_ghost_grave, corexii_shack, kennysheep_generic_room_3
Temple:   corrupted_temple

Skill      XL: |  1  2  3  4  5  6  7  8 |
---------------+-------------------------+-----
Ice Magic      | 5 6 7 |  7.4
Spellcasting   | 5 7 9 11 | 11.3
Transmutations | 1 2 3 |  3.0
Poison Magic   | 1 2 3 4 |  4.0
Fighting       | |  0.3
Short Blades   | |  0.2
Dodging        | |  2.4
Stealth        | |  2.4
Air Magic      | |  0.6

Action                   |  1- 3 |  4- 6 |  7- 9 || total
-------------------------+-------+-------+-------++-------
Melee: Unarmed           |     1 |       |       ||     1
       Dagger            |    15 |    28 |    60 ||   103
       Kick              |       |    10 |     5 ||    15
       Bite              |       |       |     6 ||     6
       Punch             |       |       |     1 ||     1
 Cast: Freeze            |    37 |     7 |     1 ||    45
       Frozen Ramparts   |     6 |    14 |    38 ||    58
       Poisonous Vapours |     4 |    22 |    77 ||   103
       Ozocubu's Armour  |     2 |     2 |    12 ||    16
       Shock             |       |       |     2 ||     2
Evoke: Wand              |       |       |     1 ||     1
  Use: Potion            |     2 |     4 |     8 ||    14
       Scroll            |       |       |     1 ||     1
 Stab: Sleeping          |     2 |     2 |       ||     4
Armor: Robe              |     9 |    16 |     9 ||    34
Dodge: Dodged            |    18 |    35 |    42 ||    95
       Repelled          |     2 |       |     1 ||     3
